 Dungeon Crawl Stone Soup version 0.17.0-27-g4a3f43e (console) character file.

877 gw the Twirler (level 7, -1/61 HPs)
             Began as a Minotaur Gladiator on Nov 21, 2015.
             Slain by a sky beast (4 damage)
             ... on level 5 of the Dungeon.
             The game lasted 00:04:37 (5288 turns).

gw the Twirler (Minotaur Gladiator)                 Turns: 5288, Time: 00:04:37

Health: -1/61      AC:  6    Str: 20    XL:     7   Next: 75%
Magic:  6/6        EV:  9    Int:  5    God:
Gold:   166        SH:  0    Dex: 12    Spells: 0 memorised, 6 levels left

rFire  . . .     SeeInvis .     a - +2 quarterstaff
rCold  . . .     Clarity  .     q - +0 chain mail
rNeg   . . .     SustAt   .     (shield currently unavailable)
rPois  +         Gourm    .     c - +0 hat
rElec  .         Spirit   .     f - +0 cloak
rCorr  .         Warding  .     (no gloves)
rMut   .         Stasis   .     (no boots)
MR     .....                    (no amulet)
Stlth  ..........               (no ring)
                                j - ring of poison resistance

@: corroded equipment, not resistant to hostile enchantments, extremely
unstealthy
A: retaliatory headbutt, horns 2
a: no special abilities


You were on level 5 of the Dungeon.
You were very hungry.

You visited 1 branch of the dungeon, and saw 5 of its levels.

You collected 166 gold pieces.

Inventory:

Hand Weapons
 a - a +2 quarterstaff (weapon)
Missiles
 d - 3 throwing nets
 h - 118 stones
 l - 5 poisoned needles
 o - 9 tomahawks (quivered)
Armour
 c - a +0 hat (worn)
 f - a +0 cloak (worn)
 q - a +0 chain mail (worn)
Jewellery
 j - a ring of poison resistance (left hand)
Wands
 g - a wand of teleportation (0)
 u - a wand of paralysis (12)
Scrolls
 k - 3 scrolls of identify
 m - a scroll of remove curse
Comestibles
 e - 2 bread rations
 i - 2 royal jellies
 p - 2 meat rations


   Skills:
 + Level 5.1 Fighting
 * Level 7.7 Staves
 + Level 4.0 Throwing
 + Level 4.7 Armour
 - Level 3.2 Dodging


You had 6 spell levels left.
You didn't know any spells.

Dungeon Overview and Level Annotations

Branches:
Dungeon (5/15)
 Temple: D:4-7

Altars:
Xom

Annotations:
D:4 Grinder


Innate Abilities, Weirdness & Mutations

You reflexively headbutt those who attack you in melee.
You have a pair of horns on your head.


Message History

The jackal bites you but does no damage.
Something hits you but does no damage. The orc closely misses you.
The orc barely misses you. The orc hits you but does no damage.
The orc hits you but does no damage.
The orc priest miscasts a cantrip.
ATTACK MOVE TO (-1,-1)
You closely miss the orc.
The orc is heavily wounded.
The jackal bites you. The orc completely misses you. Something hits you.
Something shocks you. The orc hits you. The orc hits you with a dagger.
The orc priest hits you but does no damage.
The orc hits you but does no damage.
The orc hits you from afar with a trident.
ATTACK MOVE TO (-1,-1)
You sock the orc!
You kill the orc!
The jackal closely misses you. You furiously retaliate!
You headbutt the jackal!
You kill the jackal!
Something hits you.
You die...

.###.## ## ....
....... .. ....
.......#.# .....
.........##.....
........$!....#+
#...............
.......)#.......
.......oHo.#
.#.##.#{oo......
#..oo......#
.......####.#
#......... .
........#.#
...###..... ...
......?


You could see an orc priest and 5 orcs.

Table legend:
 A = Turns spent in this place as a percentage of turns spent in the entire game.
 B = Non-inter-level travel turns spent in this place as a percentage of non-inter-level travel turns spent in the entire game.
 C = Inter-level travel turns spent in this place as a percentage of turns spent in this place.
 D = Turns resting spent in this place as a percentage of non-inter-level travel turns spent in this place.
 E = Turns spent auto-exploring this place as a percentage of non-inter-level travel turns spent in this place.
 F = Non-inter-level travel turns spent in this place divided by the number of levels of this place that you've seen.
                   A       B       C       D       E      F
               +-------+-------+-------+-------+-------+----------------------
         Total | 100.0 | 100.0 |   0.4 |   1.1 |   2.0 | 1628.6
       Dungeon | 100.0 | 100.0 |   0.4 |   1.1 |   2.0 | 1628.6
               +-------+-------+-------+-------+-------+----------------------

Table legend:
 A = Kills in this place as a percentage of kills in entire the game.
 B = Kills by you in this place as a percentage of kills by you in the entire game.
 C = Kills by friends in this place as a percentage of kills by friends in the entire game.
 D = Other kills in this place as a percentage of other kills in the entire game.
 E = Experience gained in this place as a percentage of experience gained in the entire game.
 F = Experience gained in this place divided by the number of levels of this place that you have seen.
                   A       B       C       D       E      F
               +-------+-------+-------+-------+-------+----------------------
         Total | 100.0 | 100.0 |  -nan |  -nan | 100.0 | 250.8
       Dungeon | 100.0 | 100.0 |  -nan |  -nan | 100.0 | 250.8
               +-------+-------+-------+-------+-------+----------------------

Vanquished Creatures
  Menkaure (D:4)
  2 centaurs
  A giant frog (D:4)
  5 crimson imps
  2 orc wizards (D:4)
  An orc priest (D:4)
  A jelly (D:5)
  A worker ant (D:4)
  Robin (D:3)
  8 adders
  An ooze (D:2)
  An adder skeleton (D:4)
  4 worms
  3 giant geckos
  19 orcs
  A ball python (D:4)
  17 goblins
  7 hobgoblins
  11 jackals
  7 kobolds
  4 quokkas
  9 bats
  5 giant cockroaches
  A giant newt (D:3)
  7 rats
120 creatures vanquished.

Notes
Turn   | Place    | Note
--------------------------------------------------------------
     0 | D:1      | gw the Minotaur Gladiator began the quest for the Orb.
     0 | D:1      | Reached XP level 1. HP: 18/18 MP: 0/0
   204 | D:1      | Reached XP level 2. HP: 16/25 MP: 1/1
   396 | D:1      | Reached skill level 4 in Staves
   480 | D:1      | Reached skill level 1 in Armour
   805 | D:1      | Reached XP level 3. HP: 30/30 MP: 2/2
  1601 | D:2      | Reached XP level 4. HP: 38/38 MP: 3/3
  2043 | D:2      | Reached skill level 5 in Staves
  2776 | D:3      | Reached XP level 5. HP: 37/45 MP: 4/4
  2971 | D:3      | Found a faded altar to an unknown god.
  3045 | D:3      | Found a shimmering altar of Xom.
  3045 | D:3      | Noticed Robin
  3064 | D:3      | Killed Robin
  3256 | D:3      | Reached skill level 6 in Staves
  3256 | D:3      | Reached XP level 6. HP: 52/52 MP: 5/5
  3850 | D:4      | Noticed Menkaure
  3855 | D:4      | Killed Menkaure
  4044 | D:4      | Noticed Grinder
  4050 | D:4      | Paralysed by Grinder for 5 turns
  4224 | D:4      | Reached XP level 7. HP: 60/60 MP: 6/6
  4328 | D:4      | Reached skill level 7 in Staves
  4520 | D:4      | HP: 3/60 [orc/trident (2)]
  5271 | D:5      | Entered Level 5 of the Dungeon
  5284 | D:5      | Reached skill level 5 in Fighting
  5287 | D:5      | HP: 3/61 [orc/trident (3)]
  5288 | D:5      | Slain by a sky beast

Action                   |  1- 3 |  4- 6 |  7- 9 || total
-------------------------+-------+-------+-------++-------
Melee: Quarterstaff      |    58 |   130 |    50 ||   238
Throw: Stone             |    74 |   167 |       ||   241
       Tomahawk          |       |    10 |    14 ||    24
Evoke: Wand              |       |       |     2 ||     2
  Use: Scroll            |     3 |     4 |     3 ||    10
       Potion            |     1 |     3 |     4 ||     8
  Eat: Chunk             |     2 |     5 |     2 ||     9
       Bread ration      |       |     1 |       ||     1

Vault maps used:
D:1:      dpeg_arrival_rooms_b
D:2:      first_bread
D:3:      led_xom_imps, ecumenical_altar_2, uniq_robin
D:4:      uniq_menkaure, uniq_grinder
D:5:      bloody_makhleb, grunt_gozag_breadcrumbs, uniq_pikel
